 Dungeon Crawl Stone Soup version 0.29.1-2-gbd0b4ee654 (webtiles) character file.

Game seed: 1884467854410450217

72 styxcanada the Sneak (level 4, -8/23 HPs)
             Began as a Spriggan Brigand on Nov 17, 2022.
             Killed from afar by Ijyb (20 damage)
             ... with an iceblast
             ... on level 3 of the Dungeon.
             The game lasted 00:08:24 (1619 turns).

styxcanada the Sneak (Spriggan Brigand)             Turns: 1619, Time: 00:08:25

Health: -8/23      AC:  5    Str:  7    XL:     4   Next: 7%
Magic:  6/6        EV: 17    Int: 12    God:
Gold:   30         SH:  0    Dex: 18    Spells: 3/4 levels left

rFire   . . .      SeeInvis +   a - +2 dagger (spect)
rCold   . . .      Faith    .   (no shield)
rNeg    . . .      Spirit   .   b - +0 robe
rPois   .          Reflect  .   (helmet restricted)
rElec   .          Harm     .   n - +2 cloak
rCorr   .          Rampage  .   (gloves unavailable)
Will    .....                   (boots unavailable)
Stlth   ++++......              (no amulet)
HPRegen 0.07/turn               (no ring)
MPRegen 0.10/turn               (no ring)

@: very quick
A: very small, no large weapons, unfitting armour, see invisible, speed 3
a: no special abilities


You were on level 3 of the Dungeon.
You visited 1 branch of the dungeon, and saw 3 of its levels.

You collected 30 gold pieces.

Inventory:

Hand Weapons
 a - a +2 spectral dagger (weapon)
 k - a +4 flail of protection
Missiles
 d - 11 poisoned darts (quivered)
 e - 3 curare-tipped darts
 g - 38 stones
 l - 3 silver boomerangs
Armour
 b - a +0 robe (worn)
 n - a +2 cloak (worn)
Wands
 f - a wand of flame (19)
Potions
 h - a potion of flight
 i - a potion of lignification
 j - a potion of mutation {unknown}
 m - a potion of brilliance {unknown}


   Skills:
 * Level 1.7 Fighting
 + Level 2.7 Short Blades
 + Level 2.2 Throwing
 * Level 2.0 Dodging
 * Level 7.5 Stealth
 * Level 0.7 Spellcasting
 * Level 0.1 Evocations


You had 3 spell levels left.
You knew the following spells:

 Your Spells              Type           Power      Damage    Failure   Level
a - Magic Dart            Conj           0%         1d3       30%         1

Your spell library contained the following spells:

 Spells                   Type           Power      Damage    Failure   Level
 Call Imp                 Summ           0%         N/A       43%         2
 Mephitic Cloud           Conj/Pois/Air  0%         N/A       67%         3


Dungeon Overview and Level Annotations

Branches:
Dungeon (3/15)

Altars:
Ru

Shops:
D:2 =?

Annotations:
D:3 Ijyb


Innate Abilities, Weirdness & Mutations

You are very small and have problems with some larger weapons.
You are too small for most types of armour.
You have supernaturally acute eyesight. (SInv)
You cover ground extremely quickly. (Speed+++)


Message History

You kill the hobgoblin!
There is an escape hatch in the ceiling here.
You see here a +0 ring mail.
You start resting.
HP restored.
There is an escape hatch in the ceiling here.
There is a stone staircase leading up here.
Done exploring.
(D) Dungeon
Where to? (Enter - D:2, ? - help)
What level of the Dungeon? (default 1, ? - help)
You see here a +0 scale mail.
There is a stone staircase leading down here.
You climb downwards.
The hobgoblin shouts!
Found 11 gold pieces.
There is a stone staircase leading up here.
There are monsters nearby!
A quokka comes into view.
You see here 11 gold pieces.
Found a flail.
The bat closely misses you.
Found a trident.
The quokka closely misses you.
Ijyb the Twisted Goblin comes into view.
She is wielding a +0 dagger and carrying a wand of iceblast (11).
You hit the quokka but do no damage.
Your +2 spectral dagger closely misses the quokka.
The bat closely misses you. The bat completely misses you.
The quokka completely misses you.
You hit the bat.
You kill the bat!
Ijyb zaps a wand.
The mass of ice explodes!
The iceblast engulfs you! The quokka misses you.
You hit the quokka but do no damage.
Your +2 spectral dagger hits the quokka.
The quokka bites your +2 spectral dagger but does no damage.
Unknown command.
The quokka completely misses you.
Ijyb zaps a wand.
The mass of ice explodes!
The iceblast engulfs you!!
Ouch! That really hurt!
You die...

... ....
#.#.#)#.#.
....)......
######.#g#.#.#.#.
#....§...........
#..§.#.#.#.#.#.#
#.....†........
#...§#g#.#.#.#.#
#....r.@........
######.#.#.#.#.
###<$# #.......#
####..### ..# .#
.# #


You could see Ijyb, a quokka and a hobgoblin.

Vanquished Creatures
  Terence (D:2)
  An adder (D:2)
  3 worms (D:2)
  3 bats
  An endoplasm (D:2)
  2 goblins
  5 hobgoblins
  A quokka (D:1)
  6 ball pythons
  A frilled lizard (D:1)
  A kobold (D:2)
  4 rats (D:1)
29 creatures vanquished.

Notes
Turn   | Place    | Note
-------+----------+-------------------------------------------
     0 | D:1      | styxcanada the Spriggan Brigand began the quest for the
                  | Orb.
     0 | D:1      | Reached XP level 1. HP: 10/10 MP: 2/2
   274 | D:1      | Reached skill level 6 in Stealth
   473 | D:1      | Reached XP level 2. HP: 14/14 MP: 3/3
   798 | D:2      | Noticed Terence
   802 | D:2      | Killed Terence
   803 | D:2      | Reached skill level 7 in Stealth
   803 | D:2      | Reached XP level 3. HP: 18/18 MP: 3/5
   912 | D:2      | Found a faded altar of an unknown god.
  1065 | D:2      | Learned a level 1 spell: Magic Dart
  1101 | D:2      | Found Varyud's Jewellery Shoppe.
  1201 | D:2      | Found Qusun's Magic Scroll Shop.
  1273 | D:2      | Reached XP level 4. HP: 23/23 MP: 1/6
  1454 | D:2      | Found a sacrificial altar of Ru.
  1612 | D:3      | Noticed Ijyb
  1619 | D:3      | Killed from afar by Ijyb

Illustrated notes

Levels and vault maps discovered:
D:1:      zaba_arrival_water, layout_rooms, serial_bayou, serial_bayou_pond_a,
          serial_bayou_pond_a, serial_bayou_pond_c, serial_bayou_shore_b,
          minmay_misc_feat_columns
D:2:      layout_basic, basic_altar, serial_shops, nicolae_shop_waterfront,
          shop, hellmonk_ecumenical_altar_heavens_door, uniq_terence
D:3:      layout_loops_cross, lemuel_tele_altar, mainiacjoe_overflow_alcove_4,
          led_sif_book, st_stairs_10, nicolae_wormholes, uniq_sigmund,
          uniq_robin, uniq_natasha, uniq_ijyb

Skill      XL: |  1  2  3 |
---------------+----------+-----
Stealth        | 6 7 |  7.5
Dodging        | 2 |  2.0
Fighting       | |  1.7
Short Blades   | |  2.7
Throwing       | |  2.2
Spellcasting   | |  0.7
Evocations     | |  0.1

Action                   |  1- 3 |  4- 6 || total
-------------------------+-------+-------++-------
Melee: Dagger            |    44 |     5 ||    49
Throw: Dart              |     4 |       ||     4
 Cast: Magic Dart        |     3 |       ||     3
  Use: Scroll            |     6 |       ||     6
 Stab: Sleeping          |    11 |       ||    11
       Distracted        |     1 |       ||     1
Armor: Robe              |     6 |       ||     6
Dodge: Dodged            |    34 |     7 ||    41
